[Event "Team 45 45 League T90"]
[Site "Internet Chess Club"]
[Date "2021.10.24"]
[Round "3"]
[White "evan7284"]
[Black "mongmong"]
[Result "1/2-1/2"]
[WhiteElo "1632"]
[BlackElo "1505"]
[Opening "Queen's pawn"]
[ECO "A40"]
[Time "10:04:23"]
[PlyCount "106"]
[TimeControl "2700+45"]

1. d4 e6 2. Bf4 Nf6 3. e3 c5 4. c3 Nc6 5. Nd2 b6 6. Bd3 Bb7 7. Ngf3 Be7 8. h3
O-O 9. O-O d6 10. Qe2 Re8 11. e4 cxd4 12. cxd4 Nh5 13. Be3 g6 14. Rac1 Rc8 15.
Bb5 d5 16. e5 Rf8 17. a3 Nb8 18. Bh6 Ng7 19. Bxg7 Kxg7 20. Nh2 a6 21. Bd3 Qd7
22. f4 Rxc1 23. Rxc1 Rc8 24. Rf1 b5 25. Qg4 h5 26. Qg3 Qd8 27. Nhf3 Kh7 28. Ng5+
Bxg5 29. fxg5 Kg8 30. h4 Qe7 31. Qf4 Nd7 32. g4 hxg4 33. Qxg4 Kg7 34. Nf3 Rh8
35. Qf4 Bc6 36. Nh2 a5 37. Qf2 b4 38. axb4 axb4 39. Ng4 Nb6 40. Nf6 Nc4 41. b3
Nb6 42. Be2 Nd7 43. Qf4 Kf8 44. Rf2 Nxf6 45. gxf6 Qd7 46. Rh2 Bb5 47. Qg4 Bxe2
48. Qxe2 Qa7 49. Qd2 Qa1+ 50. Kg2 Qc3 51. Qa2 Kg8 52. Qa8+ Kh7 53. Qa7 Qd2+
{Game drawn by mutual agreement} 1/2-1/2

[Event "Team 45 45 League T90"]
[Site "Internet Chess Club"]
[Date "2021.10.22"]
[Round "3"]
[White "julesraider"]
[Black "blind-warrior"]
[Result "1-0"]
[WhiteElo "1559"]
[BlackElo "1287"]
[Opening "King's Indian: 5.Nf3"]
[ECO "E90"]
[Time "15:02:36"]
[PlyCount "91"]
[TimeControl "2700+45"]

1. d4 Nf6 2. c4 g6 3. Nc3 Bg7 4. e4 d6 5. Nf3 Bg4 6. Be2 O-O 7. Be3 Nfd7 8. Qd2
Nc6 9. h3 Bxf3 10. Bxf3 e5 11. d5 Ne7 12. g4 c6 13. h4 f6 14. O-O-O a6 15. Bh6
Rf7 16. Kb1 Bxh6 17. Qxh6 Qf8 18. Qe3 h6 19. Rdg1 Kh7 20. Rh3 f5 21. gxf5 Rf6
22. Rhg3 Qf7 23. fxg6+ Nxg6 24. h5 Nf4 25. Ne2 Nxh5 26. Bxh5 Qxh5 27. Rg7+ Kh8
28. Rxd7 Rg6 29. Rxg6 Qxg6 30. Ng3 Rf8 31. Nf5 Rxf5 32. exf5 Qxf5+ 33. Kc1 Qxd7
34. Qxh6+ Kg8 35. Kd2 b5 36. b3 cxd5 37. cxd5 b4 38. Qg5+ Kf8 39. Qh6+ Ke8 40.
Qh8+ Ke7 41. Qh4+ Ke8 42. Qxb4 Qc7 43. Qa4+ Qd7 44. Qxa6 Ke7 45. Qd3 Qh3 46.
Qxh3 {Black resigns} 1-0

[Event "Team 45 45 League T90"]
[Site "Internet Chess Club"]
[Date "2021.10.22"]
[Round "3"]
[White "Gilguli"]
[Black "Conjurer"]
[Result "1/2-1/2"]
[WhiteElo "1287"]
[BlackElo "1178"]
[Opening "Robatsch (modern) defense"]
[ECO "B06"]
[Time "17:04:37"]
[PlyCount "105"]
[TimeControl "2700+45"]

1. e4 g6 2. d4 Bg7 3. Nf3 d6 4. Bc4 e6 5. Nc3 Nf6 6. Bg5 h6 7. Be3 O-O 8. Qd2
Ng4 9. O-O-O Nxe3 10. Qxe3 Nc6 11. g4 Bd7 12. h4 Qf6 13. e5 dxe5 14. dxe5 Qe7
15. Nb5 Rac8 16. Rd2 Na5 17. Bd3 Qb4 18. Nxa7 Ra8 19. c3 Qxg4 20. Bxg6 Nc4 21.
Qd3 Bc6 22. Nxc6 bxc6 23. Rg1 Qf4 24. Bh7+ Kh8 25. Be4 Nxd2 26. Nxd2 Bxe5 27. f3
Rxa2 28. Rg4 Ra1+ 29. Kc2 Qh2 30. Qe3 Bg7 31. Bd3 f5 32. Rg6 Qxh4 33. Rxe6 Qa4+
34. Nb3 c5 35. Rxh6+ Bxh6 36. Qxh6+ Kg8 37. Qg6+ Kh8 38. Qh6+ Kg8 39. Qe6+ Kg7
40. Bc4 Rh1 41. Qe7+ Kg6 42. Qxf8 Qxc4 43. Qe8+ Kg5 44. Qe7+ Kg6 45. Qxc7 Qe2+
46. Nd2 Qd1+ 47. Kd3 Rh3 48. Qd6+ Kg5 49. Qe7+ Kg6 50. Qe6+ Kg5 51. Qe7+ Kg6 52.
Qe6+ Kg5 53. Qe7+ {Game drawn by repetition} 1/2-1/2

[Event "Team 45 45 League T90"]
[Site "Internet Chess Club"]
[Date "2021.10.23"]
[Round "3"]
[White "Signofthetimes"]
[Black "fvafier"]
[Result "1/2-1/2"]
[WhiteElo "1570"]
[BlackElo "1516"]
[Opening "Sicilian"]
[ECO "B50"]
[Time "11:00:49"]
[PlyCount "72"]
[TimeControl "2700+45"]

1. e4 c5 2. Nf3 d6 3. Bc4 Nf6 4. Nc3 a6 5. a4 Nc6 6. d4 cxd4 7. Nxd4 Bd7 8. O-O
g6 9. Bg5 Bg7 10. Qd2 O-O 11. Nxc6 Bxc6 12. Qe3 Qa5 13. Bxf6 Bxf6 14. Nd5 Bxd5
15. Bxd5 Qc7 16. c3 e6 17. Bb3 Rad8 18. Rad1 Qc6 19. Rd2 Rd7 20. Rfd1 Rfd8 21.
Kh1 b5 22. axb5 axb5 23. h3 Be7 24. Ra1 Ra8 25. Rxa8+ Qxa8 26. Kh2 Ra7 27. f3
Qb8 28. g3 Ra1 29. Rd1 Qa8 30. h4 Rxd1 31. Bxd1 d5 32. exd5 Qxd5 33. Be2 Bc5 34.
Qd3 b4 35. Qxd5 exd5 36. cxb4 Bxb4 {Game drawn by mutual agreement} 1/2-1/2

[Event "Team 45 45 League T90"]
[Site "Internet Chess Club"]
[Date "2021.10.20"]
[Round "3"]
[White "manfredo"]
[Black "Kingofknights"]
[Result "0-1"]
[WhiteElo "1477"]
[BlackElo "1518"]
[Opening "Caro-Kann: Steinitz variation"]
[ECO "B17"]
[Time "17:31:18"]
[PlyCount "114"]
[TimeControl "2700+45"]

1. e4 c6 2. d4 d5 3. Nd2 dxe4 4. Nxe4 Nd7 5. Ng5 Ngf6 6. Bd3 e6 7. N1f3 Bd6 8.
Qe2 h6 9. Ne4 Nxe4 10. Qxe4 Nf6 11. Qe2 O-O 12. Bd2 b6 13. O-O-O Bb7 14. h3 c5
15. dxc5 Bxc5 16. Be3 Bxe3+ 17. Qxe3 Qc7 18. Kb1 Nd5 19. Qe1 Rac8 20. Qe5 Nf4
21. Qxc7 Rxc7 22. Ne1 Nxg2 23. Nxg2 Bxg2 24. Rhg1 Bxh3 25. Rg3 Bf5 26. Rdg1 g6
27. Bxf5 exf5 28. Rh3 Kg7 29. Rgh1 h5 30. Rg1 Kf6 31. Re3 Rfc8 32. c3 Rc4 33.
Rd1 R8c7 34. Rd6+ Kg5 35. Rg3+ Rg4 36. Rd4 Rxg3 37. fxg3 Re7 38. Kc2 a5 39. b4
axb4 40. Rxb4 Re2+ 41. Kb3 Re1 42. Ka4 Re4 43. Kb5 Rxb4+ 44. cxb4 f4 45. gxf4+
Kxf4 46. Kxb6 h4 47. b5 h3 48. Ka7 h2 49. b6 h1=Q 50. b7 Qg1+ 51. Kb8 Qb6 52.
Kc8 Qc6+ 53. Kb8 Ke5 54. Ka7 Qc7 55. a4 Qa5+ 56. Kb8 Kd6 57. Kc8 Qc7# {White
checkmated} 0-1

[Event "Team 45 45 League T90"]
[Site "Internet Chess Club"]
[Date "2021.10.24"]
[Round "3"]
[White "scostanzo212"]
[Black "dalmata"]
[Result "1/2-1/2"]
[WhiteElo "1529"]
[BlackElo "1557"]
[Opening "QGD: exchange variation"]
[ECO "D35"]
[Time "11:02:04"]
[PlyCount "53"]
[TimeControl "2700+45"]

1. d4 e6 2. c4 d5 3. Nc3 Nf6 4. cxd5 Nxd5 5. e4 Nxc3 6. bxc3 Be7 7. Nf3 O-O 8.
Bd3 c5 9. O-O b6 10. Be3 Nc6 11. Rc1 cxd4 12. cxd4 Nb4 13. Bb1 Bb7 14. Qd2 Qd7
15. Ne5 Qe8 16. f3 Nc6 17. Nxc6 Bxc6 18. Rfd1 Ba4 19. Bc2 Rc8 20. Bb3 Bxb3 21.
axb3 Qb5 22. Rxc8 Rxc8 23. Qd3 Qxd3 24. Rxd3 Rc2 25. Bf4 f6 26. Bb8 a5 27. d5
{Game drawn by mutual agreement} 1/2-1/2

[Event "Team 45 45 League T90"]
[Site "Internet Chess Club"]
[Date "2021.10.24"]
[Round "3"]
[White "Denis240964"]
[Black "kingphisch"]
[Result "1-0"]
[WhiteElo "1371"]
[BlackElo "1308"]
[Opening "Caro-Kann: classical variation"]
[ECO "B18"]
[Time "16:01:55"]
[PlyCount "93"]
[TimeControl "2700+45"]

1. e4 c6 2. d4 d5 3. Nc3 dxe4 4. Nxe4 Bf5 5. Ng3 Bg6 6. c3 Nd7 7. Nf3 e6 8. Bf4
Ne7 9. Nh4 Nf6 10. Nxg6 Nxg6 11. Be3 Be7 12. Bd3 O-O 13. O-O Re8 14. Qe2 Nd5 15.
c4 Ndf4 16. Qd2 Nxd3 17. Qxd3 Bf6 18. Nh5 Be5 19. Rad1 Bxh2+ 20. Kxh2 Qh4+ 21.
Kg1 Qxh5 22. g3 Rad8 23. Qe4 f5 24. Qh1 Qxh1+ 25. Kxh1 h6 26. Rfe1 a6 27. Rd2
Ne5 28. dxe5 Rxd2 29. Bxd2 Rd8 30. Be3 Kf7 31. Kg2 Kg6 32. Re2 Kf7 33. Rd2 Rxd2
34. Bxd2 g5 35. c5 Kg6 36. a4 h5 37. Kh3 f4 38. gxf4 gxf4 39. Bxf4 Kf5 40. Bg3
Ke4 41. f4 Kd5 42. Bf2 Ke4 43. Kg3 h4+ 44. Kg4 h3 45. Bg3 Kd5 46. f5 exf5+ 47.
Kxf5 {Black resigns} 1-0

[Event "Team 45 45 League T90"]
[Site "Internet Chess Club"]
[Date "2021.10.21"]
[Round "3"]
[White "primerpaso"]
[Black "jaboti"]
[Result "1-0"]
[WhiteElo "1924"]
[BlackElo "1712"]
[Opening "English: Sicilian reversed"]
[ECO "A25"]
[Time "15:00:34"]
[PlyCount "81"]
[TimeControl "2700+45"]

1. c4 Nc6 2. Nc3 e5 3. g3 Nf6 4. Bg2 Bc5 5. e3 d5 6. cxd5 Nb4 7. d3 Nbxd5 8.
Nxd5 Nxd5 9. Nf3 Qe7 10. O-O O-O 11. a3 c6 12. b4 Bb6 13. Bb2 f6 14. Qc2 Bd7 15.
e4 Nc7 16. d4 exd4 17. Nxd4 Rfd8 18. Rad1 Kh8 19. Rfe1 Bxd4 20. Bxd4 Be6 21. Qb2
Rd7 22. e5 fxe5 23. Bxe5 Nd5 24. Bxg7+ Qxg7 25. Qxg7+ Kxg7 26. Rxe6 Rf7 27. Bxd5
cxd5 28. Rxd5 Raf8 29. Rg5+ Kh8 30. f4 Rg8 31. Rxg8+ Kxg8 32. Kf2 Rc7 33. Kf3
Rc3+ 34. Re3 Rc2 35. h3 Rc6 36. Rd3 b5 37. Rd8+ Kf7 38. Rd7+ Kg8 39. Rxa7 Rc3+
40. Kg4 Rc4 41. h4 {Black forfeits on time} 1-0

[Event "Team 45 45 League T90"]
[Site "Internet Chess Club"]
[Date "2021.10.27"]
[Round "3"]
[White "Packerfan"]
[Black "QuieroAprender"]
[Result "1/2-1/2"]
[WhiteElo "1765"]
[BlackElo "1614"]
[Opening "English opening"]
[ECO "A16"]
[Time "16:01:12"]
[PlyCount "122"]
[TimeControl "2700+45"]

1. c4 Nf6 2. Nc3 g6 3. g3 Bg7 4. Bg2 O-O 5. d4 c6 6. e4 d6 7. Nf3 Bg4 8. O-O e5
9. dxe5 dxe5 10. Qxd8 Rxd8 11. Nxe5 Be6 12. Bf4 Nh5 13. Rfd1 Rxd1+ 14. Rxd1 Na6
15. b3 g5 16. Bxg5 Bxe5 17. Ne2 Bf6 18. Bh6 Rd8 19. Rxd8+ Bxd8 20. Nd4 Bf6 21.
Nxe6 fxe6 22. Be3 b6 23. f4 e5 24. fxe5 Bxe5 25. a3 c5 26. Bh3 Nc7 27. b4 cxb4
28. axb4 Nf6 29. Bf5 Kf7 30. c5 b5 31. Bd2 Ne6 32. Kf2 Nd4 33. h3 Nb3 34. Be1
Nd4 35. g4 Nxf5 36. exf5 Nd5 37. Kf3 Ne7 38. Ke4 Bb8 39. g5 Nc6 40. h4 Bc7 41.
h5 a5 42. bxa5 Nxa5 43. Kd5 Nb3 44. Kc6 Bd8 45. g6+ Kg8 46. Bc3 b4 47. Bb2 Be7
48. f6 Bxc5 49. f7+ Kf8 50. gxh7 Bd4 51. Bxd4 Nxd4+ 52. Kc5 Ne6+ 53. Kxb4 Kg7
54. Kc4 Kxh7 55. Kd5 Nf8 56. Kd6 Kg7 57. Ke7 Nh7 58. Ke8 Nf6+ 59. Ke7 Nh7 60.
Ke6 Ng5+ 61. Ke7 Nxf7 {Game drawn by mutual agreement} 1/2-1/2

[Event "Team 45 45 League T90"]
[Site "Internet Chess Club"]
[Date "2021.10.24"]
[Round "3"]
[White "Portola"]
[Black "ivanson"]
[Result "1/2-1/2"]
[WhiteElo "1752"]
[BlackElo "1607"]
[Opening "Queen's pawn game"]
[ECO "A45"]
[Time "14:00:32"]
[PlyCount "86"]
[TimeControl "2700+45"]

1. d4 Nf6 2. c3 g6 3. Nf3 Bg7 4. Bg5 O-O 5. Nbd2 h6 6. Bh4 d5 7. e3 b6 8. Bd3
Ba6 9. Bxa6 Nxa6 10. Qe2 Nb8 11. O-O Nbd7 12. c4 dxc4 13. Qxc4 c5 14. d5 g5 15.
Bg3 Nh5 16. Qb3 Nxg3 17. hxg3 Ne5 18. Nxe5 Bxe5 19. Nf3 Bg7 20. e4 Qc7 21. Rfe1
Rfe8 22. Rad1 Rad8 23. Qc2 e6 24. dxe6 Rxe6 25. Rxd8+ Qxd8 26. Rd1 Rd6 27. Rxd6
Qxd6 28. b3 Qf6 29. a4 Qa1+ 30. Kh2 Qc3 31. Qd1 Bd4 32. Kg1 Qb2 33. Nd2 Qa1 34.
Qxa1 Bxa1 35. Nc4 Kf8 36. Kf1 Ke7 37. g4 Kd7 38. g3 Kc6 39. f4 a6 40. Ke2 b5 41.
Ne3 bxa4 42. bxa4 Bd4 43. Nc4 f6 {Game drawn by mutual agreement} 1/2-1/2

[Event "Team 45 45 League T90"]
[Site "Internet Chess Club"]
[Date "2021.10.21"]
[Round "3"]
[White "manfredo"]
[Black "VictorRed"]
[Result "1-0"]
[WhiteElo "1501"]
[BlackElo "1631"]
[Opening "Sicilian: Grand Prix attack"]
[ECO "B23"]
[Time "18:01:40"]
[PlyCount "127"]
[TimeControl "2700+45"]

1. e4 c5 2. Nc3 Nc6 3. f4 e5 4. fxe5 Nxe5 5. Nf3 d6 6. Nxe5 dxe5 7. Bc4 Qh4+ 8.
g3 Qd8 9. d3 Nf6 10. O-O Bh3 11. Bb5+ Nd7 12. Rf2 a6 13. Qh5 Be6 14. Bxd7+ Qxd7
15. Qxe5 f6 16. Qh5+ Bf7 17. Qf3 O-O-O 18. e5 Be7 19. Ne4 Bd5 20. Nd6+ Bxd6 21.
Qxd5 fxe5 22. Rf7 Be7 23. Qxd7+ Rxd7 24. Rxg7 c4 25. Rg4 cxd3 26. cxd3 Rxd3 27.
Rc4+ Kb8 28. Bh6 Rhd8 29. b3 b6 30. Kg2 R8d6 31. Bg7 Rd2+ 32. Kh3 Re6 33. Rac1
Bd6 34. Rc8+ Kb7 35. Bf8 a5 36. Bxd6 Rexd6 37. R1c7+ Ka6 38. a4 Rh6+ 39. Kg4
Rd4+ 40. Kg5 Rg6+ 41. Kf5 b5 42. axb5+ Kxb5 43. Rb8+ Ka6 44. Ra8+ Kb6 45. Rxh7
Rc6 46. Rb8+ Ka6 47. Ra8+ Kb5 48. Rb7+ Rb6 49. Rxb6+ Kxb6 50. Kxe5 Rb4 51. Rb8+
Kc5 52. Rc8+ Kb6 53. Rb8+ Kc5 54. Rc8+ Kb6 55. Kd5 Rb5+ 56. Kd6 Kb7 57. Rc7+ Kb6
58. Rc6+ Kb7 59. Rc5 Rxb3 60. Rxa5 Rb2 61. Rh5 Rb6+ 62. Ke7 Rb3 63. g4 Re3+ 64.
Kf6 {Black resigns} 1-0

[Event "Team 45 45 League T90"]
[Site "Internet Chess Club"]
[Date "2021.10.22"]
[Round "3"]
[White "laurenpar"]
[Black "kidcobra"]
[Result "1-0"]
[WhiteElo "1928"]
[BlackElo "1829"]
[Opening "Nimzovich-Larsen attack"]
[ECO "A01"]
[Time "20:14:55"]
[PlyCount "95"]
[TimeControl "2700+45"]

1. b3 d6 2. Bb2 e5 3. d4 exd4 4. Qxd4 Nc6 5. Qd2 Nf6 6. Nc3 Bf5 7. f3 d5 8.
O-O-O Bb4 9. e4 Be6 10. Qg5 Qe7 11. exd5 Nxd5 12. Qxe7+ Ndxe7 13. Nb5 Ba5 14.
Bxg7 Rg8 15. Bh6 a6 16. Na3 Nf5 17. Bf4 Rd8 18. Rxd8+ Kxd8 19. Ne2 Nfd4 20. Nxd4
Nxd4 21. Nc4 Bxc4 22. Bxc4 Rxg2 23. Rd1 Rxc2+ 24. Kb1 Bc3 25. Rxd4+ Bxd4 26.
Kxc2 f6 27. Bh6 b5 28. Bd3 c5 29. Bxh7 c4 30. bxc4 bxc4 31. Bg7 Ke7 32. Bg6 Bf2
33. Kc3 Ke6 34. Kxc4 Ke5 35. a4 Kf4 36. Bxf6 Kxf3 37. h4 Kg4 38. h5 Be3 39. Kd5
a5 40. Bd8 Bf4 41. Bxa5 Kg5 42. Bb6 Kh6 43. a5 Be3 44. Bxe3+ Kg7 45. a6 Kf6 46.
a7 Kg7 47. a8=Q Kf6 48. Qf8# {Black checkmated} 1-0

[Event "Team 45 45 League T90"]
[Site "Internet Chess Club"]
[Date "2021.10.22"]
[Round "3"]
[White "fhunfi"]
[Black "ElValero"]
[Result "1/2-1/2"]
[WhiteElo "1770"]
[BlackElo "1645"]
[Opening "French: exchange variation"]
[ECO "C01"]
[Time "10:01:04"]
[PlyCount "95"]
[TimeControl "2700+45"]

1. e4 e6 2. d4 d5 3. exd5 exd5 4. Nf3 Bd6 5. Bd3 Nf6 6. Nc3 Bg4 7. Nb5 Bb4+ 8.
c3 Be7 9. Bf4 Na6 10. a4 c6 11. Na3 Nc7 12. Nc2 O-O 13. Ne3 Bh5 14. Nf5 Re8 15.
O-O Bf8 16. Ng3 Bg6 17. Bxc7 Qxc7 18. Ne5 Bxd3 19. Nxd3 Ne4 20. Nf5 Nd6 21. Nxd6
Bxd6 22. h3 Re6 23. Qd2 Rae8 24. Rfe1 Rxe1+ 25. Rxe1 Rxe1+ 26. Qxe1 Qe7 27. Qxe7
Bxe7 28. Kf1 Bd6 29. Ke2 Kf8 30. b3 Ke7 31. Ne1 a5 32. Nd3 b5 33. Kd2 Ke6 34.
Ke3 h5 35. Nf4+ Bxf4+ 36. Kxf4 f6 37. h4 bxa4 38. bxa4 g6 39. f3 Kf7 40. g4 Ke6
41. Kg3 f5 42. g5 Kd6 43. Kf4 Ke6 44. Ke3 Kd6 45. Kf4 Ke6 46. Ke3 Kd6 47. Kf4
Ke6 48. Ke3 {Game drawn by repetition} 1/2-1/2

[Event "Team 45 45 League T90"]
[Site "Internet Chess Club"]
[Date "2021.10.23"]
[Round "3"]
[White "kabindra"]
[Black "MrAbendroth"]
[Result "0-1"]
[WhiteElo "1597"]
[BlackElo "1681"]
[Opening "French: advance, Euwe variation"]
[ECO "C02"]
[Time "12:00:33"]
[PlyCount "94"]
[TimeControl "2700+45"]

1. e4 e6 2. d4 d5 3. e5 c5 4. c3 Bd7 5. Nf3 Nc6 6. Bd3 Rc8 7. a3 cxd4 8. cxd4
Qb6 9. O-O Nxd4 10. Nbd2 Nxf3+ 11. Nxf3 Bb5 12. Be3 Qa6 13. Bxb5+ Qxb5 14. b4 a6
15. Ng5 Be7 16. Qh5 Bxg5 17. Qxg5 g6 18. Bc5 Qd7 19. h4 Qd8 20. Qf4 b6 21. Bd6
Rc4 22. Qe3 Ne7 23. Bxe7 Kxe7 24. g3 h5 25. Rad1 Kf8 26. Qe2 Kg7 27. f4 Qe7 28.
f5 gxf5 29. Rd3 Rh6 30. Qe3 Qc7 31. Kh2 Rg6 32. Rf4 Rc2+ 33. Kh3 Qc6 34. Rfd4
Rc4 35. Qf3 Rg4 36. Qe3 b5 37. Qf2 Qc7 38. Qe3 Qe7 39. Qf2 f6 40. exf6+ Qxf6 41.
Rxc4 bxc4 42. Qa7+ Kg6 43. Rf3 f4 44. Qf2 e5 45. gxf4 exf4 46. Qc2+ Qf5 47. Qf2
Rg3+ {White resigns} 0-1

[Event "Team 45 45 League T90"]
[Site "Internet Chess Club"]
[Date "2021.10.23"]
[Round "3"]
[White "marioseixas1992"]
[Black "julesraider"]
[Result "1-0"]
[WhiteElo "1449"]
[BlackElo "1537"]
[Opening "Caro-Kann: advance variation"]
[ECO "B12"]
[Time "13:00:38"]
[PlyCount "65"]
[TimeControl "2700+45"]

1. e4 c6 2. d4 d5 3. e5 c5 4. c3 Nc6 5. Nf3 Bg4 6. Be2 cxd4 7. cxd4 Qb6 8. Be3
e6 9. Nbd2 Nge7 10. O-O Nf5 11. Nb3 Be7 12. h3 Bxf3 13. gxf3 a6 14. Bd3 Nd8 15.
Rc1 O-O 16. Qc2 g6 17. Qc7 Qxc7 18. Rxc7 Nc6 19. Bxf5 exf5 20. Rc1 Rfb8 21.
R1xc6 bxc6 22. Rxe7 Kf8 23. Rc7 Rb6 24. Nc5 Rxb2 25. Nd7+ Kg7 26. e6 Re8 27.
Bh6+ Kxh6 28. exf7 Re1+ 29. Kg2 Kg5 30. f8=Q Rbb1 31. h4+ Kh5 32. Nf6+ Kxh4 33.
Qh6# {Black checkmated} 1-0

[Event "Team 45 45 League T90"]
[Site "Internet Chess Club"]
[Date "2021.10.22"]
[Round "3"]
[White "seattleblues"]
[Black "mongmong"]
[Result "0-1"]
[WhiteElo "1363"]
[BlackElo "1499"]
[Opening "Bogo-Indian defense, Nimzovich variation"]
[ECO "E11"]
[Time "21:19:11"]
[PlyCount "82"]
[TimeControl "2700+45"]

1. d4 e6 2. Nf3 Nf6 3. c4 Bb4+ 4. Bd2 Qe7 5. Nc3 b6 6. a3 Bxc3 7. Bxc3 Bb7 8. e3
O-O 9. Bd3 Ne4 10. Bb4 d6 11. O-O c5 12. Be1 Nd7 13. Qc2 Nef6 14. dxc5 Bxf3 15.
gxf3 dxc5 16. f4 Rad8 17. Be2 e5 18. f5 e4 19. f3 exf3 20. Rxf3 Ne5 21. Rg3 g6
22. fxg6 fxg6 23. Bc3 Qe6 24. b3 Rf7 25. Bf1 Nh5 26. Bh3 Qe7 27. Rg2 Nf3+ 28.
Kh1 Qxe3 29. Bg4 Nf4 30. Rg3 Ne2 31. Rxf3 Rxf3 32. Re1 Qxc3 33. Qxe2 Rff8 34.
Qe7 Qf6 35. Be6+ Kh8 36. Qxa7 Qf3+ 37. Kg1 Qf2+ 38. Kh1 Qxe1+ 39. Kg2 Qf2+ 40.
Kh3 Rd3+ 41. Kg4 Qf4# {White checkmated} 0-1

[Event "Team 45 45 League T90"]
[Site "Internet Chess Club"]
[Date "2021.10.23"]
[Round "3"]
[White "Visin"]
[Black "howah45"]
[Result "0-1"]
[WhiteElo "1185"]
[BlackElo "1193"]
[Opening "Caro-Kann defense"]
[ECO "B15"]
[Time "14:00:15"]
[PlyCount "122"]
[TimeControl "2700+45"]

1. e4 c6 2. d4 d5 3. Nc3 dxe4 4. Nxe4 Nf6 5. Ng3 e6 6. h3 c5 7. Be3 Qb6 8. b3
Nc6 9. dxc5 Bxc5 10. Bxc5 Qxc5 11. c4 Qb4+ 12. Qd2 Qxd2+ 13. Kxd2 O-O 14. Nf3
Rd8+ 15. Kc3 b6 16. Be2 Bb7 17. Rad1 a5 18. a3 h6 19. Nh2 Ne5 20. f3 Rac8 21.
Rxd8+ Rxd8 22. Rd1 Rxd1 23. Bxd1 Ng6 24. Ne2 Nh5 25. g3 Kf8 26. g4 Nhf4 27. Nxf4
Nxf4 28. h4 Ke7 29. h5 Kf6 30. Nf1 Kg5 31. Kd4 Kf6 32. Ke3 Ng2+ 33. Kd3 Nh4 34.
Nd2 Ke5 35. b4 axb4 36. axb4 f5 37. c5 bxc5 38. bxc5 fxg4 39. fxg4 g6 40. Kc4
gxh5 41. gxh5 Nf5 42. Bf3 Ne3+ 43. Kb5 Nd5 44. c6 Bc8 45. Bxd5 exd5 46. Kb6 Kd6
47. Nb3 Bg4 48. Nd4 Bxh5 49. Kb7 Bg4 50. c7 Bd7 51. c8=Q Bxc8+ 52. Kxc8 h5 53.
Kb7 Ke5 54. Ne2 h4 55. Kc6 d4 56. Kc5 d3 57. Ng1 Ke4 58. Kc4 d2 59. Nh3 d1=Q 60.
Nf2+ Kf3 61. Nxd1 h3 {White resigns} 0-1

[Event "Team 45 45 League T90"]
[Site "Internet Chess Club"]
[Date "2021.10.24"]
[Round "3"]
[White "Balderdash"]
[Black "Pawnchain"]
[Result "1-0"]
[WhiteElo "1212"]
[BlackElo "1369"]
[Opening "Petrov three knights game"]
[ECO "C42"]
[Time "15:00:53"]
[PlyCount "48"]
[TimeControl "2700+45"]

1. e4 e5 2. Nf3 Nf6 3. Nc3 d6 4. Bc4 Be7 5. Ng5 O-O 6. Qf3 Bg4 7. Qg3 Bh5 8. Qd3
Bg6 9. b3 Nh5 10. Bb2 Bxg5 11. h4 Be7 12. O-O-O Nc6 13. Bd5 Nb4 14. Qb5 Nxd5 15.
Qxd5 c6 16. Qd3 Nf4 17. Qf3 d5 18. g3 Nh5 19. g4 dxe4 20. Qe3 b6 21. gxh5 Bxh5
22. Rdg1 Kh8 23. Nxe4 Bf6 24. Nxf6 Qxf6 {Black resigns} 1-0

[Event "Team 45 45 League T90"]
[Site "Internet Chess Club"]
[Date "2021.10.25"]
[Round "3"]
[White "Kingofknights"]
[Black "manfredo"]
[Result "1-0"]
[WhiteElo "1533"]
[BlackElo "1486"]
[Opening "King's Indian defense"]
[ECO "E60"]
[Time "13:01:35"]
[PlyCount "61"]
[TimeControl "2700+45"]

1. d4 Nf6 2. c4 g6 3. f3 e5 4. dxe5 Nh5 5. g3 Nc6 6. e6 Bb4+ 7. Bd2 dxe6 8. a3
Bd6 9. Bg2 O-O 10. Bh6 Re8 11. Nc3 Qf6 12. Qd2 Nxg3 13. Bg5 Qe5 14. f4 Qg7 15.
hxg3 h5 16. O-O-O Na5 17. Qd3 Nb3+ 18. Kb1 Nc5 19. Qd4 e5 20. fxe5 Bf5+ 21. Ka2
Bxe5 22. Qxc5 Bxg3 23. Bd5 Bd6 24. Qd4 Be5 25. Qd2 c6 26. Bg2 Kh7 27. Nf3 f6 28.
Nxe5 fxg5 29. Nf3 Rad8 30. Nxg5+ Kh8 31. Qxd8 {Black resigns} 1-0

[Event "Team 45 45 League T90"]
[Site "Internet Chess Club"]
[Date "2021.10.24"]
[Round "3"]
[White "sdcohle"]
[Black "Andressa"]
[Result "0-1"]
[WhiteElo "1304"]
[BlackElo "1323"]
[Opening "Ruy Lopez: modern Steinitz defense"]
[ECO "C74"]
[Time "21:13:48"]
[PlyCount "82"]
[TimeControl "2700+45"]

1. e4 e5 2. Nf3 Nc6 3. Bb5 d6 4. c3 a6 5. Ba4 Nf6 6. d3 Bd7 7. Nbd2 Be7 8. O-O
O-O 9. d4 exd4 10. cxd4 b5 11. Bc2 Rb8 12. a3 a5 13. d5 Ne5 14. Nxe5 dxe5 15.
Nf3 Bd6 16. b4 a4 17. Bb2 Re8 18. h3 h6 19. Rc1 Nh5 20. Ne1 Nf4 21. Qf3 Qg5 22.
Kh1 c6 23. dxc6 Bxc6 24. Rd1 Rbd8 25. Bc1 Qg6 26. Bxf4 exf4 27. Rd4 Be5 28. Rxd8
Rxd8 29. Qe2 Bb2 30. Qf3 Re8 31. Qxf4 Bxe4 32. Bxe4 Qxe4 33. Qg3 Qe2 34. Kg1 Be5
35. f4 Bd4+ 36. Kh2 Qxf1 37. Nf3 Bf6 38. Ne5 Bxe5 39. fxe5 Qe2 40. Qc3 Qxe5+ 41.
Qxe5 Rxe5 {White resigns} 0-1

[Event "Team 45 45 League T90"]
[Site "Internet Chess Club"]
[Date "2021.10.22"]
[Round "3"]
[White "WzeroMN"]
[Black "tamky70"]
[Result "1-0"]
[WhiteElo "1090"]
[BlackElo "1195"]
[Opening "Robatsch (modern) defense"]
[ECO "B06"]
[Time "15:00:49"]
[PlyCount "69"]
[TimeControl "2700+45"]

1. e4 g6 2. d4 Bg7 3. Nf3 d6 4. h3 a6 5. Be2 b5 6. O-O Bb7 7. d5 Nd7 8. Be3 Ngf6
9. Bd4 O-O 10. Bxf6 exf6 11. c3 Re8 12. Nbd2 Ne5 13. Rc1 c5 14. b3 Bh6 15. Rc2
Qd7 16. Nxe5 fxe5 17. Nf3 Bc8 18. Nh2 Qc7 19. Bg4 Bg7 20. Bxc8 Qxc8 21. Nf3 Rf8
22. Qd2 h6 23. c4 Kh7 24. cxb5 axb5 25. Ra1 Qd7 26. a3 f5 27. Re1 f4 28. Ra1 Ra7
29. b4 c4 30. g4 Rfa8 31. Rca2 Ra4 32. Qc2 h5 33. gxh5 Qxh3 34. Ng5+ Kg8 35.
Nxh3 {Black resigns} 1-0

[Event "Team 45 45 League T90"]
[Site "Internet Chess Club"]
[Date "2021.10.24"]
[Round "3"]
[White "dwmt"]
[Black "oldbookseller"]
[Result "1-0"]
[WhiteElo "1111"]
[BlackElo "865"]
[Opening "Polish (Sokolsky) opening"]
[ECO "A00"]
[Time "09:35:24"]
[PlyCount "63"]
[TimeControl "2700+45"]

1. b4 d5 2. Bb2 e6 3. Nf3 Bxb4 4. Bxg7 Nf6 5. Bxh8 Ne4 6. c3 Bc5 7. Bd4 Qd6 8.
d3 Bxd4 9. Nxd4 b6 10. dxe4 Bb7 11. exd5 Bxd5 12. e3 Nc6 13. Bb5 O-O-O 14. f3
Ne5 15. e4 Bc4 16. a4 Nd3+ 17. Kd2 Nb2 18. Qg1 Bxb5 19. axb5 Nc4+ 20. Kc2 Qf4
21. Rxa7 Rd7 22. Ra4 Ne3+ 23. Kb3 Nd5 24. exd5 Rxd5 25. Rb4 Qd6 26. Nd2 e5 27.
Nc4 Qc5 28. Nc6 Qxc4+ 29. Rxc4 Rxb5+ 30. Rb4 Rd5 31. Ne7+ Kd7 32. Nxd5 {Black
resigns} 1-0

[Event "Team 45 45 League T90"]
[Site "Internet Chess Club"]
[Date "2021.10.21"]
[Round "3"]
[White "olivermx"]
[Black "DaveTheRook"]
[Result "1/2-1/2"]
[WhiteElo "1340"]
[BlackElo "1404"]
[Opening "Ruy Lopez: Anderssen variation"]
[ECO "C77"]
[Time "18:06:52"]
[PlyCount "58"]
[TimeControl "2700+45"]

1. e4 e5 2. Nf3 Nc6 3. Bb5 a6 4. Ba4 Nf6 5. d3 Be7 6. c3 b5 7. Bc2 d6 8. h3 h6
9. O-O O-O 10. d4 Re8 11. Re1 Bf8 12. b4 Bb7 13. a3 Rc8 14. Bb2 Nb8 15. Nbd2
Nbd7 16. a4 c6 17. a5 g6 18. Nf1 Bg7 19. Bc1 Qe7 20. Ng3 Rcd8 21. Be3 Rc8 22.
Rc1 Qd8 23. Qd2 Kh7 24. Bb3 Qe7 25. Nh2 c5 26. d5 c4 27. Bc2 Ng8 28. Rf1 Qh4 29.
Nf3 Qe7 {Game drawn by mutual agreement} 1/2-1/2